Loth, lawful male human Knight ------- ---------------- ----------- |......####### |..............| #..........| |.[...| # |........>...(..##### -------- #|.........| |.....| # |..............| |......| #|.........| |......########----------.---.- #.......| #|.........| ------- ############# ### * ###|......| #----------- # # ##*#` |.....<| ### ################# ### |......| # [## # ----.-# # .-----|- # [ ####.[...|##### # # ### # |.%..|a# # # # # ####-..%..a# # * # # ----.- # |..).|# u # # # |<....####### ------##a###ad#######`# # |....| * --..-.---# |....-####### # .........# ----+- #|..[....| ^ --------- Loth the Bachelor Experience level: 6 Strength: 15 Dexterity: 8 Constitution: 13 Intelligence: 7 Wisdom: 15 Charisma: 18 Health: 0(41) Energy: 34(34) Def: 6 Gold: 651 Moves: 5137 Dungeon seed: qez7LDl1q7B6WodR Game ID: Loth_1501701931 Your Inventory: Coins $ - 651 gold pieces Amulets X - an uncursed amulet of ESP (being worn) Weapons a - the blessed rustproof +2 Excalibur (weapon in hand) b - a blessed +1 lance (alternate weapon; not wielded) d - 10 +0 darts l - 2 +3 darts (in quiver) C - a +0 orcish bow Armor n - a blessed +0 helmet (being worn) p - an uncursed +0 leather armor (being worn) q - an uncursed +0 small shield (being worn) r - an uncursed +0 pair of leather gloves (being worn) z - an uncursed +0 pair of elven boots (being worn) N - a blessed +1 elven leather helm Comestibles c - an uncursed apple u - a cursed tin of lichen B - an uncursed tripe ration E - 5 uncursed food rations I - an uncursed pancake M - 12 uncursed carrots W - an uncursed orange Scrolls f - 4 uncursed scrolls of blank paper g - an uncursed scroll of fire i - an uncursed scroll of enchant weapon t - 2 uncursed scrolls of teleportation A - an uncursed scroll of remove curse D - an uncursed scroll of destroy armor P - 2 uncursed scrolls of earth Spellbooks Z - an uncursed spellbook of levitation Potions s - an uncursed potion of see invisible w - an uncursed potion of invisibility x - an uncursed potion of extra healing F - an uncursed potion of hallucination J - an uncursed potion of sickness V - an uncursed potion of healing Rings K - a cursed ring of cold resistance Wands j - a wand of speed monster (0:3) m - a wand of nothing (0:6) H - a wand of digging (0:5) L - a wand of striking (0:4) R - a wand of lightning (0:2) T - a wand of striking (0:7) Tools k - an uncursed skeleton key v - a blessed oil lamp (0:1410) Gems e - an uncursed garnet stone y - an uncursed worthless piece of orange glass S - an uncursed fluorite stone Y - an uncursed flint stone Spells and supernatural/magical abilities: Name Level Category Fail Memory B - cure blindness 2 healing 91% 91% W - pray for help -- divine ? -- X - turn undead -- divine ? -- Y - supernatural jump -- ability ? -- Your skills at the end: Fighting Skills riding [Basic] Weapon Skills long sword [Skilled] lance [Basic] Spellcasting Skills Final Attributes: You were piously aligned. You were level-drain resistant. You were telepathic. You had automatic searching. You were stealthy. You could jump. You were riding Huey. You are dead. Vanquished creatures: a large mimic a wolf a leprechaun a jaguar a gnome mummy a snake 2 apes a Woodland-elf an imp 5 Uruk-hai an orc shaman a rock mole a pony a violet fungus a kobold mummy a red naga hatchling 2 gray oozes a paper golem a kitten 2 kobold lords 5 rothes 2 centipedes a giant bat 5 orc zombies 2 dwarf zombies 4 iguanas a killer bee 3 acid blobs 2 coyotes 2 large kobolds 2 hobgoblins 2 giant rats 2 brown molds a yellow mold a red mold a gnome 2 garter snakes 4 geckos 15 jackals 3 foxes 3 goblins 6 sewer rats 8 grid bugs a lichen a kobold zombie 6 newts 112 creatures vanquished. Voluntary challenges: You were an atheist. You used a wielded weapon 123 times, starting on turn 114. You read items or engraved 17 times, starting on turn 579. You never genocided any monsters. You never polymorphed an object. You never changed form. You used no wishes. You never split a pudding. You wrote Elbereth's name 7 times, starting on turn 2533. You violated your moral code, losing 1 point of alignment, starting on turn 2957. Dungeon overview: The Dungeons of Doom: levels 1 to 8 Level 1 a long staircase Level 2 stairs to The Gnomish Mines Level 3 an armor shop, some fountains Level 4 a general store Level 5 Level 6 a general store Level 7 many fountains Level 8 <- You were here stairs to Sokoban The Gnomish Mines: Level 3 stairs to The Dungeons of Doom Sokoban: levels 6 to 7 Level 6 Level 7 stairs to The Dungeons of Doom History has recorded: On T:1 you entered the Dungeons of Doom to retrieve the Amulet of Yendor! On T:171 you reached level 2 of The Dungeons of Doom. On T:583 you reached level 1 of The Gnomish Mines. On T:651 you reached level 3 of The Dungeons of Doom. On T:1229 you reached level 4 of The Dungeons of Doom. On T:1261 you advanced to experience level 2. On T:1671 you advanced to experience level 3. On T:1695 you reached level 5 of The Dungeons of Doom. On T:2038 you reached level 6 of The Dungeons of Doom. On T:2244 you advanced to experience level 4. On T:2630 you advanced to experience level 5. On T:3837 you reached level 7 of The Dungeons of Doom. On T:3966 you reached level 8 of The Dungeons of Doom. On T:4459 you advanced to experience level 6. On T:4624 you reached level 4 of Sokoban. On T:4852 you reached level 3 of Sokoban. Score breakdown: Gold: 651 ( 9573 points) Experience: 6 levels (12456 points) Exploration: 8 levels ( 15.69%) (11224 points) Discoveries: 18 items ( 7.32%) ( 8115 points) Valuables value: (no points given unless you survive) Artifact value: 4000 (12253 points) Variety of kills: 46 monsters ( 12.07%) (10424 points) Turncount: 5137 turns (-1394 points) Survival: died (score multiplied by 80%) Total score: 50120 Latest messages: The dart misses. The dart misses. Larguu drops 9 rocks. The dart misses. The dart misses. The dart misses. The killer bee misses Huey. You miss the killer bee. The killer bee misses. You kill the killer bee! Larguu misses the killer bee. You miss the killer bee. The killer bee stings! The killer bee's sting was poisoned! You hear the howling of the CwnAnnwn... Larguu misses the killer bee. The killer bee stings! You die... Final status: Fare thee well Loth the Knight, killed by a killer bee... You died in The Dungeons of Doom on dungeon level 8 with 50120 points, and 651 pieces of gold, after 5137 moves. You were level 6 with a maximum of 41 hit points when you died.